 Dungeon Crawl Stone Soup version 0.19.1-1-g22dce08 (webtiles) character file.

135 markt42 the Cudgeler (level 5, 0/33 HPs)
             Began as a Gargoyle Fighter on Dec 28, 2016.
             Killed by divine providence
             ... invoked by an orc priest
              (11 damage)
             ... on level 3 of the Dungeon.
             The game lasted 00:02:43 (2706 turns).

markt42 the Cudgeler (Gargoyle Fighter)             Turns: 2706, Time: 00:02:44

Health: 0/33       AC: 13    Str: 19 (20) XL:     5   Next: 18%
Magic:  5/5        EV:  7    Int: 12 (14) God:
Gold:   113        SH:  8    Dex:  6 (9)  Spells: 0 memorised, 4 levels left

rFire  . . .     SeeInvis .     a - +0 flail
rCold  . . .     Gourm    .     b - +0 scale mail
rNeg   + . .     Faith    .     c - +0 shield
rPois  ∞         Spirit   .     (no helmet)
rElec  +         Reflect  .     t - +0 cloak
rCorr  .         Harm     .     (no gloves)
MR     .....                    j - +0 pair of boots
Stlth  ..........               (no amulet)
                                (no ring)
                                (no ring)

@: brilliant, flying
A: negative energy resistance 1, electricity resistance, unbreathing,
petrification resistance, rot immunity, AC +4
a: no special abilities


You were on level 3 of the Dungeon.
You were very hungry.

You visited 1 branch of the dungeon, and saw 3 of its levels.

You collected 113 gold pieces.

Inventory:

Hand Weapons
 a - a +0 flail (weapon)
Armour
 b - a +0 scale mail (worn)
 c - a +0 shield (worn)
 j - a +0 pair of boots (worn)
 t - a +0 cloak (worn)
Scrolls
 h - 2 scrolls of identify {unknown}
 k - a scroll of immolation {unknown}
 l - 2 scrolls of fear {unknown}
 m - a scroll of remove curse {unknown}
 p - 2 scrolls of teleportation {unknown}
 r - a scroll of enchant armour {unknown}
 s - a scroll of recharging {unknown}
 v - a scroll of magic mapping {unknown}
 x - a scroll of random uselessness {unknown}
Potions
 d - a potion of might
 i - 2 potions of flight
 q - a potion of degeneration
Comestibles
 f - 3 bread rations
 g - 3 fruits
 n - a slice of pizza
 u - a meat ration


   Skills:
 + Level 3.8 Fighting
 * Level 4.4 Maces & Flails
 + Level 3.7 Armour
 + Level 0.1 Dodging
 + Level 3.5 Shields


You had 4 spell levels left.
You didn't know any spells.

Dungeon Overview and Level Annotations

Branches:
Dungeon (3/15)

Altars:
Cheibriados
Dithmenos
Fedhas
Uskayaw
Yredelemnul


Innate Abilities, Weirdness & Mutations

You are resistant to torment.
Your stone body is resilient. (AC +4)
You are immune to poison.
You resist negative energy. (rN+)
You are resistant to electric shocks. (rElec)
You can survive without breathing.
You are immune to petrification.
You are immune to rotting.


Message History

You block the orc priest's attack.
You closely miss the orc priest.
The orc priest is almost dead.
The orc priest mumbles some strange prayers to Beogh against you.
Pain shoots through your body!
You barely miss the orc priest.
The orc priest is almost dead.
You block the orc priest's attack.
You barely miss the orc priest.
The orc priest is almost dead.
The orc priest calls upon Beogh to heal the orc priest.
The orc priest is healed somewhat.
The orc priest calls down the wrath of Beogh upon you.
Beogh smites you!
You closely miss the orc priest.
The orc priest is heavily wounded.
The orc priest hits you with a flail.
The orc priest invokes the aid of Beogh against you.
Beogh smites you!
You die...

### ### #.. ..# ####
#.# #.# #... #o# #.#
#.## #o# ##.########.##
## #o# #.............
.### #@# #..########...
...######### #.###(.#
##...
#.#........#####......#
#....
##.##.........######.##
#.##. ####.####.##.#
#.# #.##. #.# #.##.#
#.##### #.### # #.#
##.##.# #.....# ##'##
## #.# #..##.#
#####.###..^## .##
#.###.###.#
###.##^^...#


You could see 2 orc priests and an orc.

Vanquished Creatures
  Natasha (D:3)
  4 adders
  A worm (D:3)
  4 dart slugs
  2 leopard geckos
  3 orcs (D:3)
  3 giant cockroaches
  7 hobgoblins
  A quokka (D:3)
  A ball python (D:1)
  4 bats
  6 frilled lizards
  5 goblins
  7 kobolds
  19 rats
  A spectral orc (D:3)
69 creatures vanquished.

Notes
Turn   | Place    | Note
-------+----------+-------------------------------------------
     0 | D:1      | markt42 the Gargoyle Fighter began the quest for the Orb.
     0 | D:1      | Reached XP level 1. HP: 14/14 MP: 1/1
   224 | D:1      | Reached XP level 2. HP: 15/19 MP: 2/2
   903 | D:2      | Reached XP level 3. HP: 23/23 MP: 3/3
   987 | D:2      | Reached skill level 3 in Maces & Flails
  1022 | D:2      | Found a snail-covered altar of Cheibriados.
  1080 | D:2      | Found a shadowy altar of Dithmenos.
  1233 | D:2      | Found a hide-covered altar of Uskayaw.
  1234 | D:2      | Noticed an enchanted hand axe
  1234 | D:2      | Noticed a dagger
  1481 | D:2      | Reached XP level 4. HP: 28/28 MP: 4/4
  1907 | D:3      | Found a basalt altar of Yredelemnul.
  1962 | D:3      | Reached skill level 4 in Maces & Flails
  2337 | D:3      | Found a faded altar of an unknown god.
  2337 | D:3      | Found a faded altar of an unknown god.
  2342 | D:3      | Found a blossoming altar of Fedhas.
  2342 | D:3      | Noticed Natasha
  2353 | D:3      | Killed Natasha
  2353 | D:3      | Reached XP level 5. HP: 27/33 MP: 5/5
  2470 | D:3      | Found a faded altar of an unknown god.
  2472 | D:3      | Found a faded altar of an unknown god.
  2706 | D:3      | Killed from afar by an orc priest

Skill      XL: |  1  2  3  4 |
---------------+-------------+-----
Maces & Flails | 3 4 |  4.4
Fighting       | |  3.8
Armour         | |  3.7
Dodging        | |  0.1
Shields        | |  3.5

Action                   |  1- 3 |  4- 6 || total
-------------------------+-------+-------++-------
Melee: Flail             |   166 |   104 ||   270
  Use: Potion            |       |     5 ||     5
  Eat: Chunk             |     1 |     4 ||     5
Armor: Scale mail        |    92 |    49 ||   141
Dodge: Dodged            |    55 |    28 ||    83
Block: Shield            |    76 |    39 ||   115
